 Dungeon Crawl Stone Soup version 0.16.0-17-g811c1d7 (webtiles) character file.

245 maniek23 the Sneak (level 5, -12/37 HPs)
             Began as a Vampire Enchanter on Mar 21, 2015.
             Was an Initiate of Kikubaaqudgha.
             Shot with an arrow by a centaur (13 damage)
             ... on level 5 of the Dungeon.
             The game lasted 00:09:45 (3756 turns).

maniek23 the Sneak (Vampire Enchanter)              Turns: 3756, Time: 00:09:46

Health: -12/37     AC:  5    Str:  7    XL:     5   Next: 83%
Magic:  1/9        EV: 14    Int: 18    God:    Kikubaaqudgha [......]
Gold:   240        SH:  0    Dex: 14    Spells: 3 memorised, 2 levels left

rFire  . . .     SeeInvis +     w - +0 dagger (vamp)
rCold  + + .     Clarity  .     b - +1 robe
rNeg   + + +     SustAb   .     (no shield)
rPois  +         Gourm    .     (no helmet)
rElec  .         Spirit   .     n - +0 cloak
rCorr  .         Warding  .     (no gloves)
rMut   .         Stasis   .     e - +0 pair of boots
MR     .....                    (no amulet)
Stlth  ++++......               (no ring)
                                (no ring)

@: very slightly contaminated, regenerating slowly, not resistant to hostile
enchantments, stealthy
A: bottle blood, fangs 3, see invisible, unbreathing
a: Bat Form, Renounce Religion


You were on level 5 of the Dungeon.
You worshipped Kikubaaqudgha.
Kikubaaqudgha was noncommittal.
You were near bloodless.

You visited 2 branches of the dungeon, and saw 6 of its levels.

You collected 240 gold pieces.

Inventory:

Hand weapons
 a - a +1 dagger
 g - a +1 dagger of venom
 w - a +0 vampiric dagger (weapon)
 x - a +0 short sword of freezing
Armour
 b - a +1 robe (worn)
 e - a +0 pair of boots (worn)
 n - a +0 cloak (worn)
Jewellery
 i - an uncursed amulet of the gourmand {unknown}
Magical devices
 u - a wand of polymorph (14)
Scrolls
 h - 3 scrolls of magic mapping
 l - 2 scrolls of recharging {unknown}
 m - 6 scrolls of identify {unknown}
 o - a scroll of enchant armour {unknown}
 q - 3 scrolls of amnesia {unknown}
 r - 2 scrolls of remove curse
Potions
 d - 8 potions of blood
 f - 2 potions of curing
 j - a potion of agility {unknown}
 k - a potion of degeneration {unknown}
 p - 2 potions of lignification {unknown}
 s - a potion of invisibility {unknown}
 t - a potion of might {unknown}
 v - a potion of berserk rage {unknown}
 z - a potion of flight {unknown}
Books
 c - a book of Maledictions

   Spells                             Type                      Level
   a - Corona                         Hexes                        1
   b - Sure Blade                     Hexes/Charms                 2
   c - Ensorcelled Hibernation        Hexes/Ice                    2
   d - Confuse                        Hexes                        3
   e - Dazzling Spray                 Conjuration/Hexes            3
   f - Enslavement                    Hexes                        4


   Skills:
 + Level 1.0 Fighting
 + Level 1.9 Short Blades
 + Level 3.9 Dodging
 + Level 7.0 Stealth
 + Level 0.2 Unarmed Combat
 + Level 2.4 Spellcasting
 + Level 5.0 Hexes
 + Level 1.3 Ice Magic


You had 2 spell levels left.
You knew the following spells:

 Your Spells              Type           Power        Failure   Level  Hunger
a - Corona                Hex            ###....      1%          1    #......
b - Ensorcelled Hibernat  Hex/Ice        ##....       10%         2    ##.....
c - Confuse               Hex            ###.....     10%         3    ###....


Dungeon Overview and Level Annotations

Branches:
Dungeon (5/15)             Temple (1/1) D:5

Altars:
Ashenzari
Cheibriados
Dithmenos
Elyvilon
Fedhas
Kikubaaqudgha
Makhleb
Okawaru
Qazlal
Ru
Sif Muna
Trog
Xom
Yredelemnul
Zin
The Shining One

Shops:
D:4 %


Innate Abilities, Weirdness & Mutations

You heal slowly.
You can bottle blood from corpses.
You have razor-sharp teeth.
You have supernaturally acute eyesight.
You can survive without breathing.


Message History

Confirm with . or Enter, or press ? or * to list all spells.
Aiming: Confuse
Press: ? - help, Shift-Dir - straight line, f/p - centaur
Aim: a centaur (chance 50%)
You miscast Confuse.
You are very lightly contaminated with residual magic.
You feel a bit tired. The centaur hits you. The centaur barely misses you.
Casting: Confuse
Confirm with . or Enter, or press ? or * to list all spells.
You don't have enough magic to cast that spell.
The centaur wields an uncursed shortbow of evasion.
The centaur shoots an arrow.
The arrow barely misses you.
The centaur shoots an arrow.
The arrow barely misses you.
The centaur shoots an arrow.
The arrow hits you.
You see here 2 arrows.
The centaur shoots an arrow.
The arrow hits you!
* * * LOW HITPOINT WARNING * * *
The centaur shoots an arrow.
The arrow hits you!
You die...
Kikubaaqudgha rasps: "You have failed me!
Welcome... oblivion!"

#.#.# ... .....#..<### #.#.#
#.#.. #.##g........ #.#.#
#.#.. #.##c# #.#.#
.....##.##.#
#.#.######.#.###.##.###
#.#..............c(...#
#..........#.###.##.########
#..####.#..#...#............
##).####.#..#.#.@...(.#######
.......<......#.8.8.8.#
###.####.#..#.#..⌠.⌠..#
#.........#.#.8.>.8.#
#.####.........⌠.⌠..##### #.#
######...8.8.8.....# #.#
#.............###.# #.#
#.###.#..###### #.# #.# #.#
#.#.## #.#


You could see a centaur.

Vanquished Creatures
  A hound (D:4)
  A crimson imp (D:5)
  A worker ant (D:4)
  2 hound skeletons
  6 adders
  A worm (D:2)
  3 giant geckos
  3 oozes
  5 orcs (D:4)
  6 giant cockroaches
  7 hobgoblins
  4 kobolds
  A quokka (D:2)
  7 bats
  4 giant newts
  7 goblins
  A quokka skeleton (D:4)
  5 rats
65 creatures vanquished.

Notes
Turn   | Place    | Note
--------------------------------------------------------------
     0 | D:1      | maniek23, the Vampire Enchanter, began the quest for the Orb.
     0 | D:1      | Reached XP level 1. HP: 13/13 MP: 3/3
   243 | D:1      | Reached XP level 2. HP: 17/19 MP: 4/4
   250 | D:1      | Learned a level 2 spell: Ensorcelled Hibernation
   890 | D:2      | Reached skill level 5 in Stealth
  1165 | D:2      | Reached XP level 3. HP: 24/24 MP: 6/6
  1336 | D:3      | Found a shattered altar of Ashenzari.
  1464 | D:3      | Found a shadowy altar of Dithmenos.
  1500 | D:3      | Found a snail-covered altar of Cheibriados.
  1500 | D:3      | Found an iron altar of Okawaru.
  1521 | D:3      | Reached XP level 4. HP: 3/31 MP: 0/7
  1706 | D:3      | Found a white marble altar of Elyvilon.
  1950 | D:4      | Found Teoseduh's Food Emporium.
  2020 | D:4      | Reached skill level 6 in Stealth
  2092 | D:4      | Found a shimmering altar of Xom.
  3003 | D:5      | Entered Level 5 of the Dungeon
  3010 | D:5      | Noticed an ice beast
  3184 | D:4      | Reached skill level 1 in Ice Magic
  3184 | D:4      | Reached XP level 5. HP: 32/36 MP: 6/9
  3189 | D:4      | Learned a level 3 spell: Confuse
  3331 | D:4      | Reached skill level 5 in Hexes
  3468 | D:5      | Found a staircase to the Ecumenical Temple.
  3480 | Temple   | Entered the Ecumenical Temple
  3520 | Temple   | Became a worshipper of Kikubaaqudgha
  3721 | D:5      | Reached skill level 1 in Fighting
  3721 | D:5      | Reached skill level 7 in Stealth
  3746 | D:5      | Noticed a centaur
  3756 | D:5      | HP: 1/37 [centaur/arrow (11)]
  3756 | D:5      | Shot with an arrow by a centaur

Action                   |  1- 3 |  4- 6 || total
-------------------------+-------+-------++-------
Melee: Dagger            |    93 |   101 ||   194
       Unarmed           |       |    24 ||    24
 Cast: Ensorcelled Hiber |     6 |     3 ||     9
       Confuse           |       |     3 ||     3
       Corona            |       |     1 ||     1
 Abil: End Transformatio |       |     2 ||     2
       Bat Form          |       |     2 ||     2
  Use: Scroll            |     2 |       ||     2
       Potion            |       |     1 ||     1
 Stab: Sleeping          |    16 |     7 ||    23
       Distracted        |       |     1 ||     1
       Confused          |       |     1 ||     1
  Eat: Corpse            |     3 |     3 ||     6
